Map: Twilight Fortress

Players

DemoniuM

  • Race: Terran Terran
  • League: Bronze
  • Spawn Location: 1:00

Gracz

  • Race: Terran Terran
  • Spawn Location: 1:00

Cheater 2 (Resources) - Winner!

  • Race: Protoss Protoss
  • Spawn Location: 7:00

Cheater 3 (Resources) - Winner!

  • Race: Terran Terran
  • Spawn Location: 7:00

VOD

Have the link to the VOD?

Description

Time

  • Played on: March 11, 2016, noon
  • Length: 13:27
Show
View Real Time Build Order
Export as new Build Order

DemoniuM Terran 

Build Orders: MMM Bio 

Get SALT Encoding   

  12  0:01  SCV  
  13  0:13  SCV  
  14  0:20  Supply Depot  
  14  0:25  SCV  
  15  0:41  SCV  
  16  0:44  Barracks  
  16  0:48  Refinery  
  16  0:53  SCV  
  17  1:06  SCV  
  18  1:18  SCV  
  19  1:31  Orbital Command  
  19  1:32  Barracks Reactor  
  19  1:48  Command Center  
  19  1:51  Supply Depot  
  19  1:57  SCV  
  19  2:00  Refinery  
  20  2:08  Marine x2  
  21  2:09  SCV  
  23  2:21  SCV  
  23  2:22  Factory  
  24  2:27  Marine  
  24  2:29  Marine  
  26  2:33  SCV  
  27  2:45  SCV  
  27  2:50  Supply Depot  
  28  3:00  Orbital Command  
  28  3:06  Factory Tech Lab  
  28  3:09  SCV  
  29  3:12  Supply Depot  
  29  3:14  Marine x2  
  31  3:20  Starport  
  31  3:21  SCV  
  32  3:27  SCV  
  32  3:33  SCV, Siege Tank  
  37  3:34  Marine  
  37  3:36  Marine  
  37  3:40  SCV  
  40  3:52  SCV  
  41  3:59  Command Center  
  41  4:01  Starport Reactor  
  41  4:04  SCV  
  41  4:07  Siege Tank  
  41  4:09  Marine  
  46  4:11  Marine  
  46  4:16  SCV  
  48  4:28  SCV  
  49  4:34  Supply Depot  
  49  4:37  Medivac x2  
  53  4:40  SCV  
  53  4:43  Siege Tank  
  57  4:52  Marine, SCV  
  58  4:53  Marine  
  58  4:59  Barracks  
  60  5:01  SCV  
  60  5:03  Barracks  
  60  5:04  SCV  
  62  5:11  Orbital Command  
  62  5:13  SCV  
  63  5:18  SCV  
  64  5:24  Marine  
  64  5:25  Marine  
  64  5:26  SCV  
  67  5:30  SCV  
  67  5:33  Medivac  
  67  5:34  Medivac  
  67  5:35  Siege Tank  
  75  5:39  SCV x2  
  75  5:42  Marine x2, Refinery, SCV  
  78  5:44  Refinery  
  80  5:51  SCV x2  
  80  5:53  Refinery  
  80  5:54  Refinery  
  80  5:55  SCV  
  83  6:00  Barracks Tech Lab x2, Marine  
  83  6:03  SCV  
  85  6:05  Engineering Bay  
  85  6:07  Engineering Bay  
  85  6:12  Supply Depot  
  85  6:14  Supply Depot  
  85  6:16  Supply Depot  
  85  6:17  Supply Depot  
  85  6:34  Medivac, SCV x3  
  85  6:35  Combat Shields  
  85  6:37  Stimpack  
  85  6:38  Marine x2, Marauder x2  
  96  6:46  SCV x3  
  98  6:51  Medivac  
  100  6:56  Marine x2  
  100  6:58  SCV  
  100  7:00  Marauder x2  
  107  7:07  SCV  
  107  7:08  SCV  
  109  7:10  SCV  
  109  7:13  Marine  
  109  7:14  Marine  
  109  7:15  Medivac, Siege Tank  
  114  7:18  Supply Depot x2  
  117  7:39  Marine x2, SCV, Marauder x2  
  124  7:45  Medivac  
  124  7:47  Siege Tank  
  129  7:57  Marine x2  
  129  7:58  Medivac  
  133  8:10  Terran Infantry Weapons Level 1  
  133  8:12  Supply Depot  
  133  8:14  Supply Depot  
  133  8:15  Supply Depot x2  
  133  8:16  Marine, Supply Depot  
  133  8:17  Marine  
  133  8:18  Medivac, Terran Infantry Armor Level 1  
  132  8:22  Marauder  
  132  8:25  Marauder  
  133  8:34  Marine  
  133  8:35  Marine  
  133  8:37  Concussive Shells  
  135  8:43  Marauder  
  135  8:47  Marauder  
  139  8:52  Marine, Armory  
  139  8:53  Marine  
  141  8:55  Supply Depot  
  141  8:56  Supply Depot  
  141  8:58  Supply Depot  
  141  8:59  Supply Depot  
  141  9:05  Marauder  
  141  9:08  Marauder  
  141  9:09  Marine  
  145  9:11  Marine  
  147  9:26  Marauder  
  147  9:27  Marine  
  147  9:28  Command Center  
  147  9:29  Marine, Marauder  
  140  9:45  Marine  
  135  9:46  Marine  
  135  9:48  Marauder  
  135  9:51  Marauder  
  137  10:02  Widow Mine  
  137  10:03  Marine  
  137  10:04  Marine  
  141  10:09  Marauder  
  141  10:12  Marauder  
  143  10:21  Marine  
  143  10:23  Marine  
  141  10:30  Marauder  
  141  10:31  Widow Mine  
  141  10:34  Marauder  
  134  10:39  Marine  
  134  10:41  Marine  
  132  10:52  Marauder  
  132  10:55  Marauder  
  132  10:56  Marine  
  119  10:59  Marine  
  119  11:00  Siege Tank  
  104  11:13  Marauder  
  104  11:14  Marine  
  104  11:16  Marauder  
  104  11:17  Marine  
  110  11:19  Orbital Command  
  110  11:32  Marine  
  111  11:35  Marine, Marauder  
  111  11:37  Medivac, SCV  
  111  11:38  Medivac, Marauder  
  121  11:48  Barracks  
  121  11:49  Barracks  
  121  11:50  Marine  
  121  11:52  Barracks, Marine  
  121  11:54  Barracks x2  
  123  11:56  Marauder  
  123  11:59  Marauder  
  127  12:08  Marine, Orbital Command  
  128  12:10  Marine  
  119  12:17  Marauder  
  119  12:21  Marauder  
  123  12:25  Marine  
  123  12:27  Medivac x2  
  123  12:28  Marine  
  129  12:39  Marauder  
  129  12:42  Marauder  
  129  12:43  Marine  
  134  12:46  Marine  
  134  12:51  Marine  
  136  13:00  Marauder  
  136  13:01  Marine, SCV  
  136  13:03  Marauder  
  136  13:04  Marine  
  114  13:13  SCV  
Show
View Real Time Build Order
Export as new Build Order

Gracz Terran 

Build Orders:  

Get SALT Encoding   

  12  0:03  SCV  
  13  0:15  SCV  
  14  0:27  SCV  
  15  0:33  Supply Depot  
  15  0:36  Refinery  
  15  0:55  SCV  
  16  1:01  Engineering Bay  
  16  1:07  SCV  
  16  1:08  Barracks  
  17  1:27  Supply Depot  
  17  2:07  Command Center  
  17  2:21  Missile Turret  
  17  2:23  Orbital Command  
  17  2:37  Barracks Reactor  
  17  2:38  Factory  
  17  2:50  SCV  
  18  2:54  Refinery  
  18  3:03  SCV  
  19  3:13  Marine x2  
  19  3:15  SCV  
  19  3:16  Terran Infantry Weapons Level 1  
  22  3:23  Orbital Command  
  22  3:27  Refinery  
  22  3:29  SCV  
  23  3:41  SCV  
  23  3:42  Refinery  
  23  3:44  Reaper  
  23  3:45  Reaper  
  26  3:53  SCV x2  
  28  4:05  SCV x2  
  30  4:17  SCV  
  30  4:18  SCV, Sensor Tower  
  32  4:25  Starport  
  32  4:29  SCV  
  32  4:30  SCV  
  34  4:31  Factory Tech Lab  
  34  4:33  Factory  
  34  4:41  Barracks  
  34  4:42  SCV x2  
  36  4:48  Barracks  
  36  4:50  Barracks  
  36  4:54  SCV  
  37  5:06  SCV  
  38  5:12  Starport Tech Lab  
  38  5:24  Starport  
  38  5:28  Starport  
  38  5:31  Starport  
  38  5:39  Engineering Bay  
  38  5:45  Engineering Bay  
  38  5:48  Armory  
  38  5:51  Armory  
  38  5:58  SCV  
  39  6:10  SCV  
  40  6:16  Starport  
  40  6:23  SCV  
  41  6:35  SCV  
  42  7:00  Armory  
  42  7:06  SCV  
  43  7:12  Starport Reactor  
  43  7:18  Starport, SCV  
  44  7:25  Starport Tech Lab  
  44  7:26  Starport Tech Lab x2  
  44  7:30  SCV  
  45  7:49  Barracks Reactor  
  45  7:50  Barracks Reactor  
  45  7:52  Barracks Tech Lab  
  45  7:55  Factory Tech Lab  
  45  7:58  Starport Reactor  
  45  8:10  Supply Depot  
  45  8:14  Supply Depot  
  45  8:20  Medivac x2  
  49  8:35  Fusion Core  
  49  8:42  Supply Depot  
  49  8:49  Supply Depot  
  49  9:12  Marine x7  
  49  9:16  Thor x2  
  68  9:21  Banshee x3  
  77  9:29  Marine  
  77  9:30  Marine x6  
  84  9:40  Terran Infantry Armor Level 1  
  84  9:42  Building Armor  
  84  9:47  Marine  
  84  9:48  Marine  
  86  10:24  Marine  
  86  10:32  Marine  
  86  10:41  Marine  
  86  11:03  Supply Depot  
  86  11:10  Weapon Refit  
  86  11:11  Supply Depot  
  86  11:14  Cloaking Field  
  86  11:17  Hyperflight Rotors  
  86  11:20  High Capacity Fuel Tanks  
  86  11:25  Marine x7, Advanced Ballistics  
  93  11:27  Supply Depot  
  93  11:33  Medivac, Thor  
  101  11:40  Supply Depot  
  101  11:41  Liberator x2  
  101  11:42  Marine  
  101  11:45  Marine x2, Thor  
  101  11:47  Marine, Medivac, Reaper  
  110  11:49  Supply Depot  
  110  11:53  Behemoth Reactor  
  120  12:04  Marine  
  121  12:12  Banshee x2  
  127  12:19  Marine  
  127  12:22  Marine  
  129  13:01  Marine  
  129  13:02  Marine x6  
Show
View Real Time Build Order
Export as new Build Order

Cheater 2 (Resources) Protoss - Winner!

Build Orders: 1 Gate Expand, Zealot Archon 

Get SALT Encoding   

  12  0:01  Probe (Chrono Boost)  
  13  0:11  Probe (Chrono Boost)  
  14  0:19  Pylon  
  14  0:22  Probe (Chrono Boost)  
  15  0:38  Probe (Chrono Boost)  
  16  0:47  Assimilator  
  16  0:48  Probe (Chrono Boost)  
  17  0:50  Gateway  
  17  0:59  Probe (Chrono Boost)  
  17  1:01  Pylon  
  18  1:09  Probe (Chrono Boost)  
  19  1:20  Probe (Chrono Boost)  
  20  1:30  Probe (Chrono Boost)  
  21  1:38  Nexus  
  21  1:41  Probe (Chrono Boost)  
  21  1:42  Zealot  
  24  1:53  Probe (Chrono Boost)  
  25  2:00  Cybernetics Core  
  25  2:09  Gateway  
  25  2:16  Zealot  
  25  2:18  Pylon  
  25  2:22  Probe (Chrono Boost)  
  28  2:31  Warp Gate  
  28  2:32  Assimilator  
  28  2:34  Probe (Chrono Boost)  
  29  2:43  Adept  
  31  2:45  Probe (Chrono Boost)  
  31  2:51  Probe (Chrono Boost)  
  33  2:55  Adept  
  35  3:01  Probe (Chrono Boost)  
  35  3:03  Pylon  
  36  3:07  Adept  
  36  3:11  Probe (Chrono Boost)  
  39  3:15  Probe (Chrono Boost)  
  40  3:20  Sentry  
  40  3:24  Probe (Chrono Boost)  
  40  3:26  Probe (Chrono Boost)  
  44  3:33  Stalker  
  44  3:36  Robotics Facility  
  44  3:37  Probe (Chrono Boost)  
  44  3:39  Probe (Chrono Boost)  
  48  3:46  Adept  
  51  3:49  Probe (Chrono Boost)  
  51  3:51  Probe (Chrono Boost)  
  52  4:00  Probe (Chrono Boost)  
  52  4:01  Adept  
  52  4:02  Probe (Chrono Boost)  
  54  4:03  Pylon  
  56  4:12  Probe (Chrono Boost)  
  56  4:13  Probe (Chrono Boost)  
  58  4:19  Stalker  
  58  4:22  Immortal  
  58  4:23  Probe (Chrono Boost)  
  62  4:24  Pylon  
  62  4:25  Probe (Chrono Boost)  
  62  4:26  Stalker  
  68  4:34  Robotics Facility  
  68  4:35  Probe (Chrono Boost)  
  68  4:36  Probe (Chrono Boost)  
  70  4:47  Probe x2 (Chrono Boost)  
  70  4:50  Pylon  
  72  4:52  Pylon  
  72  4:56  Stalker  
  72  4:59  Immortal  
  78  5:08  Stalker  
  78  5:09  Probe x2 (Chrono Boost)  
  82  5:15  Forge  
  82  5:18  Stalker  
  82  5:20  Observer  
  84  5:24  Gateway  
  85  5:33  Twilight Council  
  85  5:35  Pylon  
  85  5:36  Assimilator  
  85  5:38  Assimilator  
  85  5:40  Zealot  
  87  5:51  Photon Cannon  
  87  5:53  Zealot  
  87  5:54  Photon Cannon  
  89  5:57  Pylon  
  89  5:58  Zealot  
  89  6:02  Probe (Chrono Boost)  
  89  6:03  Probe (Chrono Boost)  
  93  6:09  Nexus  
  93  6:12  Zealot  
  93  6:13  Templar Archives, Probe (Chrono Boost)  
  93  6:16  Zealot  
  98  6:18  Zealot  
  98  6:22  Pylon  
  100  6:28  Forge  
  100  6:30  Zealot  
  102  6:35  Sentry  
  102  6:37  Stalker  
  102  6:39  Probe x2 (Chrono Boost)  
  102  6:40  Pylon  
  98  6:49  Stalker  
  98  6:50  Probe (Chrono Boost)  
  98  6:51  Probe (Chrono Boost)  
  98  6:52  Protoss Ground Weapons Level 1  
  102  6:56  High Templar  
  102  6:59  Zealot  
  102  7:01  Immortal  
  107  7:02  Probe (Chrono Boost)  
  107  7:03  Probe (Chrono Boost), Protoss Ground Armor Level 1  
  112  7:10  Pylon  
  112  7:11  High Templar  
  112  7:14  Probe x2 (Chrono Boost)  
  116  7:18  Sentry  
  118  7:25  Probe x2 (Chrono Boost)  
  118  7:26  Probe (Chrono Boost), Immortal  
  118  7:27  Zealot  
  130  7:37  Probe x2 (Chrono Boost)  
  130  7:38  Assimilator, Probe (Chrono Boost)  
  130  7:39  Archon  
  130  7:40  Zealot  
  130  7:43  Stalker  
  134  7:47  High Templar  
  134  7:48  Probe (Chrono Boost)  
  134  7:49  Pylon  
  134  7:50  Probe x2 (Chrono Boost)  
  139  7:51  Nexus  
  139  7:55  Assimilator  
  139  7:58  Stalker  
  139  8:01  Probe (Chrono Boost)  
  139  8:02  Probe x2 (Chrono Boost)  
  139  8:04  Zealot  
  141  8:12  Probe (Chrono Boost)  
  141  8:13  Probe (Chrono Boost)  
  141  8:14  Probe (Chrono Boost)  
  141  8:17  Zealot  
  141  8:19  Pylon  
  141  8:22  High Templar  
  141  8:24  Probe (Chrono Boost)  
  141  8:25  Probe x2 (Chrono Boost)  
  141  8:26  Psionic Storm, Immortal  
  148  8:37  Probe x3 (Chrono Boost)  
  151  8:42  Pylon, Stalker  
  151  8:43  Archon  
  151  8:44  High Templar  
  158  8:48  Probe (Chrono Boost)  
  158  8:49  Probe x2 (Chrono Boost)  
  158  8:53  High Templar  
  160  9:00  Observer, Probe (Chrono Boost)  
  160  9:01  Probe (Chrono Boost)  
  160  9:02  Probe (Chrono Boost), Archon  
  164  9:04  Observer, Pylon, Stalker  
  167  9:11  Probe (Chrono Boost)  
  167  9:14  Zealot  
  170  9:19  Warp Prism  
  170  9:22  Nexus  
  170  9:23  Warp Prism, Probe (Chrono Boost)  
  174  9:24  Probe (Chrono Boost), High Templar  
  174  9:26  Pylon  
  174  9:27  High Templar  
  175  9:34  Zealot  
  175  9:35  Probe (Chrono Boost)  
  175  9:36  Probe (Chrono Boost)  
  174  9:45  Pylon, Archon  
  174  9:49  Immortal  
  174  9:50  Nexus  
  174  10:03  High Templar, Zealot  
  174  10:04  Probe (Chrono Boost), High Templar  
  174  10:05  Probe (Chrono Boost)  
  182  10:08  Pylon  
  182  10:25  Probe (Chrono Boost)  
  182  10:26  Probe (Chrono Boost), Zealot  
  182  10:27  Immortal  
  172  10:33  Pylon, Zealot  
  172  10:34  Stalker  
  148  10:37  Probe x2 (Chrono Boost)  
  148  10:39  Probe (Chrono Boost)  
  123  10:45  Zealot  
  123  10:48  Probe (Chrono Boost)  
  111  10:50  Probe (Chrono Boost)  
  111  10:52  Stalker  
  111  10:55  Adept  
  115  10:58  Immortal  
  115  11:00  Archon  
  115  11:02  Assimilator  
  115  11:04  Immortal, Zealot  
  125  11:13  Zealot  
  125  11:14  Stalker  
  129  11:21  Assimilator  
  129  11:22  Adept  
  131  11:31  Zealot  
  133  11:33  Immortal  
  133  11:35  Zealot  
  133  11:39  Immortal  
  139  11:40  Sentry  
  145  11:47  Photon Cannon  
  145  11:49  Stalker  
  145  11:51  Nexus  
  145  11:53  Stalker  
  149  12:01  Stalker  
  151  12:08  Immortal  
  151  12:09  Stalker  
  151  12:13  Stalker  
  151  12:14  Immortal  
  159  12:21  Zealot  
  165  12:30  Sentry  
  165  12:34  Stalker  
  169  12:39  Adept  
  171  12:44  Pylon  
  171  12:45  Observer  
  171  12:47  Pylon  
  171  12:50  Pylon  
  171  12:51  Stalker  
  174  12:55  Stalker  
  174  12:57  Adept  
  182  12:59  Photon Cannon  
  182  13:04  Observer  
  182  13:08  Gateway  
  182  13:11  Sentry  
  185  13:15  Stalker, Zealot  
Show
View Real Time Build Order
Export as new Build Order

Cheater 3 (Resources) Terran - Winner!

Build Orders: MMM Bio 

Get SALT Encoding   

  12  0:01  SCV  
  13  0:13  SCV  
  14  0:18  Supply Depot  
  14  0:25  SCV  
  15  0:30  Refinery  
  15  0:40  SCV  
  16  0:49  Barracks  
  16  0:52  SCV  
  17  1:04  SCV  
  18  1:16  SCV  
  19  1:37  Orbital Command  
  19  1:38  Marine, Supply Depot  
  19  1:39  Factory  
  20  1:49  Barracks  
  20  1:56  Marine  
  21  2:03  SCV  
  22  2:14  Barracks Tech Lab  
  22  2:15  SCV  
  23  2:18  Supply Depot  
  23  2:24  Hellion  
  25  2:33  Concussive Shells, Marauder  
  25  2:37  Barracks Tech Lab  
  27  2:42  SCV  
  28  2:46  Hellion  
  30  2:54  Supply Depot  
  30  2:55  Marauder x2  
  34  3:07  Hellion  
  36  3:16  Marauder  
  36  3:17  Marauder  
  40  3:20  Supply Depot  
  40  3:29  Hellion  
  42  3:37  Refinery  
  42  3:38  Marauder x2  
  46  3:42  SCV  
  47  3:50  Hellion  
  47  3:53  Starport  
  47  3:54  SCV  
  50  3:58  Marine  
  50  3:59  Marine  
  52  4:11  SCV  
  52  4:16  Marine  
  54  4:29  Marine  
  55  4:32  Supply Depot  
  55  4:34  Stimpack  
  55  4:47  Command Center  
  55  4:53  Marine, Medivac, SCV  
  55  4:54  Marauder  
  55  4:56  Supply Depot  
  61  5:01  Engineering Bay  
  61  5:11  Marine  
  62  5:14  Marine  
  62  5:15  Liberator  
  63  5:22  Supply Depot  
  63  5:28  Marine, Terran Infantry Armor Level 1  
  63  5:32  Marine  
  68  5:46  Marine  
  69  5:50  Marine, Supply Depot  
  70  5:58  Liberator  
  70  5:59  SCV  
  70  6:02  SCV  
  72  6:04  Marine  
  72  6:05  Refinery  
  72  6:08  Marine  
  74  6:11  SCV  
  74  6:14  SCV  
  79  6:22  Marine  
  79  6:24  SCV  
  81  6:26  SCV  
  81  6:30  Marine  
  83  6:36  SCV  
  85  6:40  Marine, Supply Depot, SCV  
  85  6:41  Liberator  
  85  6:45  Combat Shields  
  86  6:48  Marine, SCV  
  86  6:50  Command Center  
  91  7:04  SCV  
  91  7:06  SCV  
  93  7:09  Marine  
  94  7:17  SCV  
  94  7:20  SCV  
  94  7:21  Supply Depot  
  96  7:29  SCV  
  97  7:32  SCV  
  98  7:39  Terran Infantry Weapons Level 1  
  98  7:40  Viking  
  98  7:41  SCV  
  100  7:44  SCV  
  100  7:48  Supply Depot  
  101  7:53  SCV  
  101  7:56  SCV  
  103  7:58  Factory Tech Lab  
  103  8:07  Engineering Bay  
  103  8:10  Viking  
  105  8:15  Barracks  
  105  8:17  Siege Tank  
  105  8:18  Supply Depot, Command Center  
  108  8:40  Viking  
  110  8:44  Supply Depot  
  110  8:49  Refinery, Siege Tank  
  110  8:53  Liberator  
  113  9:06  Marauder  
  113  9:09  Supply Depot, Marauder  
  120  9:21  Siege Tank  
  123  9:28  Marauder  
  123  9:31  Marauder  
  127  9:32  SCV x2  
  127  9:33  SCV  
  127  9:36  Liberator  
  127  9:44  SCV x2  
  127  9:45  SCV  
  124  9:49  Marauder  
  124  9:50  Supply Depot, Refinery  
  124  9:52  Refinery  
  124  9:53  Siege Tank  
  124  9:54  Marauder  
  124  9:56  SCV, Command Center  
  133  10:04  SCV  
  133  10:06  SCV  
  135  10:08  SCV  
  135  10:12  Marauder  
  133  10:15  Marauder  
  133  10:17  SCV  
  133  10:18  SCV  
  133  10:20  SCV  
  138  10:26  Siege Tank  
  134  10:30  SCV  
  134  10:32  SCV  
  130  10:36  Viking  
  130  10:37  Marauder  
  117  10:50  SCV x2  
  117  10:55  Marine  
  98  10:58  Marine, Armory, Siege Tank  
  98  11:02  SCV  
  98  11:04  SCV  
  104  11:06  Viking  
  104  11:08  SCV  
  107  11:13  Command Center  
  107  11:16  Barracks Tech Lab  
  107  11:22  SCV  
  107  11:24  SCV  
  109  11:26  SCV  
  109  11:30  Siege Tank  
  113  11:34  SCV  
  113  11:36  SCV  
  113  11:37  Marauder  
  113  11:38  SCV  
  118  11:46  SCV  
  119  11:48  SCV  
  119  11:50  SCV  
  121  11:58  SCV, Marauder  
  121  12:00  Factory  
  119  12:02  SCV, Siege Tank  
  121  12:11  SCV  
  121  12:15  SCV  
  119  12:20  Marauder  
  116  12:28  SCV  
  116  12:29  Command Center  
  117  12:34  Hellion  
  113  12:41  Marauder  
  115  12:49  SCV  
  116  12:56  Command Center  
  117  13:02  Marauder  
Tags
 
Add a new tag
Caveats
  • Supply blocks, unpowered buildings, or Contaminate may cause inaccurate times.
  • Supply counts are checked every 10 seconds.